 Dungeon Crawl Stone Soup version 0.28-a0-265-g048bc9fd10 (webtiles) character file.

Game seed: 8914525744315338504

62 HilariousDeathArtist the Covered (level 3, -1/31 HPs)
             Began as a Troll Air Elementalist on Aug 27, 2021.
             Was a Follower of Ashenzari.
             Slain by a gnoll (5 damage)
             ... on level 2 of the Dungeon.
             The game lasted 00:02:00 (2004 turns).

HilariousDeathArtist the Covered (TrAE)             Turns: 2004, Time: 00:02:00

Health: -1/31      AC:  4    Str: 16    XL:     3   Next: 85%
Magic:  1/3        EV:  9    Int: 12    God:    Ashenzari [*.....]
Gold:   117        SH:  0    Dex: 10    Spells: 3/4 levels left

rFire   . . .      SeeInvis .   (no weapon)
rCold   . . .      Faith    .   (no shield)
rNeg    . . .      Spirit   .   a - +0 robe of Ashenzari's Repose {Range, Comp} (curse)
rPois   +          Reflect  .   (helmet restricted)
rElec   .          Harm     .   (no cloak)
rCorr   .          Rampage  .   (gloves unavailable)
Will    .....                   (boots unavailable)
Stlth   +.........              (no amulet)
HPRegen 1.10/turn               P - ring "At What Cost Knowledge?" {rPois, rPois, !d, Elem, Evo} (curse)
MPRegen 0.08/turn               (no ring)

@: no status effects
A: large, unfitting armour, claws 3, regeneration 1, shaggy fur 1, tough skin 1
a: Renounce Religion, Shatter the Chains


You were on level 2 of the Dungeon.
You worshipped Ashenzari.
Ashenzari was aware of your devotion.
You visited 1 branch of the dungeon, and saw 2 of its levels.

You collected 117 gold pieces.

Inventory:

Hand Weapons
 b - a +0 club
   (You found it on level 1 of the Dungeon)
 c - a +0 dagger
   (You found it on level 2 of the Dungeon)
 e - a +0 whip
   (You took it off a kobold on level 1 of the Dungeon)
 f - a +0 dagger
   (You took it off a kobold on level 1 of the Dungeon)
 g - a +0 club
   (You took it off a goblin on level 2 of the Dungeon)
 h - a +0 short sword
   (You took it off a kobold on level 2 of the Dungeon)
 i - a +0 dagger
   (You took it off a kobold on level 1 of the Dungeon)
 j - a +0 whip
   (You took it off a kobold on level 1 of the Dungeon)
 k - a +0 mace
   (You found it on level 1 of the Dungeon)
Missiles
 d - 19 arrows
 s - 41 stones
Armour
 a - the cursed +0 robe of Ashenzari's Repose (worn) {Range, Comp}

   It has a curse which improves the following skills: Ranged Combat: Slings,
   Bows, Crossbows and Throwing.
   Companions: Summonings and Necromancy.
Jewellery
 P - the cursed ring "At What Cost Knowledge?" (left claw) {rPois, rPois, !d, Elem, Evo}
   (You found it on level 1 of the Dungeon)

   [ring of poison resistance]

   rPois:     It protects you from poison.
   It has a curse which improves the following skills: Elements: Fire Magic, Ice
   Magic, Air Magic and Earth Magic.
   Evocations: Evocations.
Scrolls
 D - 4 scrolls of blinking {!r}
 K - a scroll of immolation {!r}
 S - a scroll of summoning
 Y - 2 scrolls of teleportation {@r3}
Potions
 G - a potion of ambrosia {!q}
 J - a potion of curing {@q1}


   Skills:
 + Level 2.9 Armour
 - Level 1.5 Dodging
 - Level 1.0 Stealth
 - Level 1.2 Spellcasting
 - Level 0.6 Conjurations
 - Level 2.0(2.8) Air Magic


You had 3 spell levels left.
You knew the following spells:

 Your Spells              Type           Power      Damage    Failure   Level
a - Shock                 Conj/Air       16%        1d4       14%         1

Your spell library contained the following spells:

 Spells                   Type           Power      Damage    Failure   Level
 Static Discharge         Conj/Air       4%         N/A       22%         2
 Swiftness                Air            7%         N/A       28%         3
 Ozocubu's Armour         Ice            1%         N/A       63%         3
 Airstrike                Air            3%         N/A       67%         4
 Ozocubu's Refrigeration  Ice            0%         4d5       100%        7


Dungeon Overview and Level Annotations

Branches:
Dungeon (2/15)

Altars:
Ashenzari


Innate Abilities, Weirdness & Mutations

You are too large for most types of armour.
You have claws for hands.
Your natural rate of healing is unusually fast.
You are covered in fur. (AC +1)
You have tough skin. (AC +1)


Message History

No target in view!
No target in view!
No target in view!
No target in view!
No target in view!
You start resting.
MP restored: 3 You now have 107 gold pieces (gained 7).
You open the door.
A bat is nearby!
The zap misses the bat.
A bat is nearby!
You now have 2/3 mp.
A bat is nearby!
A bat is nearby!
The zap misses the bat.
The bat hits you.
You take 1 damage, and have 30/31 hp.
You now have 1/3 mp.
You barely miss the bat. The bat hits you but does no damage.
Health restored: 31 You barely miss the bat.
The bat hits you but does no damage. x2
You barely miss the bat. The bat barely misses you.
The bat hits you but does no damage.
You scratch the bat. The bat barely misses you. The bat closely misses you.
You scratch the bat but do no damage. The bat closely misses you.
The bat barely misses you.
You scratch the bat. The bat hits you but does no damage. x3
You closely miss the bat. The bat closely misses you.
The bat hits you but does no damage.
A bat is nearby!
A bat is nearby!
The bat closely misses you. x2
You scratch the bat. The bat hits you. x2
The bat hits you but does no damage.
You closely miss the bat. The bat barely misses you.
You take 1 damage, and have 30/31 hp.
The zap hits the bat.
You kill the bat!
No target in view!
No target in view!
No target in view!
No target in view!
Health restored: 31 You now have 1/3 mp.
No target in view!
No target in view!
No target in view!
You start resting.
MP restored: 3
There is an open door here.
There is an open door here.
h - a +0 short sword You now have 117 gold pieces (gained 10).
There is a stone staircase leading up here.
The zap hits the gnoll.
You now have 2/3 mp.
The zap hits the gnoll.
A gnoll is nearby!
A gnoll is nearby!
You now have 1/3 mp.
You scratch the gnoll but do no damage. The gnoll closely misses you.
You scratch the gnoll. The gnoll hits you with a +0 club.
You take 4 damage, and have 27/31 hp.
You claw the gnoll!
You kill the gnoll!
Things that are here:
a +0 club; a gnoll corpse The gnoll hits you with a +0 whip.
There is an open door, spattered with blood here.
You take 4 damage, and have 25/31 hp.
You scratch the gnoll. The gnoll hits you but does no damage.
You barely miss the gnoll. The gnoll closely misses you.
You claw the gnoll! The gnoll barely misses you.
You scratch the gnoll but do no damage. The gnoll hits you but does no damage.
You scratch the gnoll.
You kill the gnoll!
The zap hits the gnoll.
The gnoll hits you from afar with a +0 halberd!
The gnoll hits you with a +0 halberd.
Things that are here:
a +0 whip; 16 poisoned darts You are too injured to fight recklessly!
You are too injured to fight recklessly!
You are too injured to fight recklessly!
You take 13 damage, and have 17/31 hp.
MASSIVE DAMAGE!!
You now have 1/3 mp.
You scratch the gnoll. The gnoll hits you with a +0 halberd!
* * * LOW HITPOINT WARNING * * *
You take 11 damage, and have 6/31 hp.
MASSIVE DAMAGE!!
You closely miss the gnoll. The gnoll hits you with a +0 halberd.
* * * LOW HITPOINT WARNING * * *
You take 1 damage, and have 5/31 hp.
You scratch the gnoll. The gnoll hits you but does no damage.
You regained 2 hp, and now have 7/31 hp.
You scratch the gnoll but do no damage. The gnoll hits you with a +0 halberd.
* * * LOW HITPOINT WARNING * * *
You take 4 damage, and have 3/31 hp.
You barely miss the gnoll. The gnoll hits you with a +0 halberd.
You die...

#....# #.###.## #.# #..#.#
#.# #.# #.# #..#.# #.# #.#
#.# #..#.###.###'## #.#
.........##...## #.#
####.#####.....## ##.#
##.#.# ##.......## ##..#
#....###.........####...##
.......'....>..g@')...<..###
#....###.........####......#
...### ##.......## ##.....#
.### ##.....## ###...# .#
##...######## ##.## .#
##.........# #.# .########
#..######.# #.#
.##.....####..######.####.#
.##.#.....................#


You could see a gnoll.

Vanquished Creatures
  2 gnolls (D:2)
  A worm (D:2)
  A dart slug (D:2)
  7 ball pythons (D:1)
  4 endoplasms (D:1)
  4 hobgoblins
  5 kobolds
  2 quokkas
  3 bats
  2 frilled lizards (D:1)
  A goblin (D:2)
  5 rats
37 creatures vanquished.

Notes
Turn   | Place    | Note
-------+----------+-------------------------------------------
     0 | D:1      | HilariousDeathArtist the Troll Air Elementalist began the
                  | quest for the Orb.
     0 | D:1      | Reached XP level 1. HP: 16/16 MP: 1/1
   277 | D:1      | Reached skill level 1 in Armour
   344 | D:1      | Reached XP level 2. HP: 24/24 MP: 0/2
   649 | D:1      | Found a faded altar of an unknown god.
   703 | D:1      | Reached skill level 2 in Armour
   712 | D:1      | Became a worshipper of Ashenzari the Shackled
   916 | D:2      | HP: 6/24 [gnoll (15)]
   920 | D:2      | HP: 2/24 [gnoll (8)]
  1122 | D:2      | Reached XP level 3. HP: 31/31 MP: 1/3
  1540 | D:2      | Reached * piety under Ashenzari
  2000 | D:2      | HP: 6/31 [gnoll (12)]
  2004 | D:2      | Slain by a gnoll

Illustrated notes

Levels and vault maps discovered:
D:1:      nagdon_arrival_zigzag_paths, layout_loops_ring,
          hellmonk_ecumenical_altar_lost_god, minmay_split_cup_large
D:2:      layout_loops_corners

Skill      XL: |  1  2 |
---------------+-------+-----
Armour         | 1 2 |  2.9
Dodging        | |  1.5
Stealth        | |  1.0
Spellcasting   | |  1.2
Conjurations   | |  0.6
Air Magic      | |  2.0

Action                   || total
-------------------------++-------
Melee: Unarmed           ||   103
 Cast: Shock             ||    36
Invok: Curse Item        ||     2
Armor: Robe              ||    33
Dodge: Dodged            ||    42

Table legend: (Time is in decaauts)
 A = Elapsed time spent in this place.
 B = Non-inter-level travel time spent in this place.
 C = Inter-level travel time spent in this place.
 D = Time resting spent in this place.
 E = Time spent auto-exploring this place.
 F = Levels seen in this place.
 G = Mean time per level.
                   A        B        C        D        E       F      G
               +--------+--------+--------+--------+--------+-----+--------+
         Total |   2004 |   1900 |    104 |    311 |   1294 |   2 | 1002.0 |
       Dungeon |   2004 |   1900 |    104 |    311 |   1294 |   2 | 1002.0 |
               +--------+--------+--------+--------+--------+-----+--------+

Top non-repeatable levels by time:
     D:2: 1038 daAuts
     D:1: 966 daAuts

Table legend:
 A = Kills in this place as a percentage of kills in entire the game.
 B = Kills by you in this place as a percentage of kills by you in the entire game.
 C = Kills by friends in this place as a percentage of kills by friends in the entire game.
 D = Other kills in this place as a percentage of other kills in the entire game.
 E = Experience gained in this place as a percentage of experience gained in the entire game.
 F = Experience gained in this place divided by the number of levels of this place that you have seen.
                   A       B       C       D       E      F
               +-------+-------+-------+-------+-------+----------------------
         Total | 100.0 | 100.0 |   N/A |   N/A | 100.0 |  44.5
       Dungeon | 100.0 | 100.0 |   N/A |   N/A | 100.0 |  44.5
               +-------+-------+-------+-------+-------+----------------------
